 Dungeon Crawl Stone Soup version 0.28.0-62-gf88900778d (webtiles) character file.

Game seed: 16377579154816188451

1003 Froggeryz the Ruffian (level 8, -1/70 HPs)
             Began as a Ghoul Monk on Dec 26, 2023.
             Slain by an orc warrior
             ... wielding a +2 dire flail of draining
              (12 damage)
             ... on level 4 of the Dungeon.
             The game lasted 00:06:34 (5562 turns).

Froggeryz the Ruffian (Ghoul Monk)                  Turns: 5562, Time: 00:06:34

Health: -1/70      AC:  8    Str: 17    XL:     8   Next: 20%
Magic:  7/7        EV: 12    Int:  5    God:
Gold:   142        SH:  0    Dex: 11    Spells: 7/7 levels left

rFire   . . .      SeeInvis .     - Unarmed
rCold   + . .      Faith    .   (no shield)
rNeg    + + +      Spirit   .   b - +0 steam dragon scales
rPois   ∞          Reflect  .   o - +0 helmet
rElec   .          Harm     .   (no cloak)
rCorr   .          Rampage  .   (no gloves)
Will    .....                   a - +0 pair of boots
Stlth   ++........              (no amulet)
HPRegen 0.00/turn               (no ring)
MPRegen 0.10/turn               (no ring)

@: inhibited regen, studying Evocations
A: claws 1, cold resistance 1, negative energy resistance 3, inhibited
regeneration, torment resistance 2
a: no special abilities


You were on level 4 of the Dungeon.
You visited 1 branch of the dungeon, and saw 5 of its levels.

You collected 142 gold pieces.

Inventory:

Missiles
 d - 8 poisoned darts (quivered)
 j - a throwing net
Armour
 a - a +0 pair of boots (worn)
 b - +0 steam dragon scales (worn)
 o - a +0 helmet (worn)
Wands
 f - a wand of flame (12)
 i - a wand of polymorph (11)
Scrolls
 c - a scroll of identify
 e - a scroll of blinking
 h - a scroll of vulnerability
Potions
 k - a potion of might {unknown}
 l - a potion of berserk rage {unknown}
 m - a potion of curing {unknown}
 n - a potion of attraction {unknown}
 q - a potion of cancellation {unknown}


   Skills:
 + Level 6.0 Fighting
 + Level 4.0 Armour
 - Level 2.6 Dodging
 - Level 2.1 Stealth
 * Level 7.9 Unarmed Combat


You had 7 spell levels left.
You didn't know any spells.
Your spell library contained the following spells:

 Spells                   Type           Power      Damage    Failure   Level
 Animate Skeleton         Necr           0%         N/A       47%         1
 Apportation              Tloc           0%         N/A       47%         1
 Summon Small Mammal      Summ           0%         N/A       47%         1
 Call Canine Familiar     Summ           0%         N/A       85%         3
 Summon Guardian Golem    Hex/Summ       0%         N/A       85%         3


Dungeon Overview and Level Annotations

Branches:
Dungeon (5/15)
 Temple: D:4-7

Altars:


Innate Abilities, Weirdness & Mutations

You thrive by killing the living.
You are immune to poison.
You have sharp fingernails.
Your flesh is cold resistant. (rC+)
You are immune to negative energy. (rN+++)
You do not regenerate when monsters are visible.
You are immune to unholy pain and torment.


Message History

The orc warrior is lightly wounded.
The orc closely misses you. The orc warrior barely misses you.
You closely miss the orc warrior.
The orc warrior is lightly wounded.
The orc hits you but does no damage.
The orc warrior hits you with a +2 dire flail of draining!
You claw the orc warrior!
The orc warrior is moderately wounded.
The orc closely misses you.
You claw the orc!
You kill the orc!
You feel better.
The orc warrior hits you with a +2 dire flail of draining!
Your Armour skill increases to level 4!
You closely miss the orc warrior.
The orc warrior is moderately wounded.
The orc warrior closely misses you.
You scratch the orc warrior. Your claw misses the orc warrior.
The orc warrior is heavily wounded.
The orc warrior hits you with a +2 dire flail of draining.
You scratch the orc warrior.
The orc warrior is heavily wounded.
The orc warrior hits you but does no damage.
You completely miss the orc warrior.
The orc warrior is heavily wounded.
The orc warrior barely misses you.
You scratch the orc warrior.
The orc warrior is severely wounded.
The orc warrior hits you with a +2 dire flail of draining!
* * * LOW HITPOINT WARNING * * *
You scratch the orc warrior.
The orc warrior is almost dead.
You barely miss the orc warrior.
The orc warrior is almost dead.
The orc warrior hits you with a +2 dire flail of draining.
* * * LOW HITPOINT WARNING * * *
You scratch the orc warrior but do no damage.
The orc warrior is almost dead.
The orc warrior hits you with a +2 dire flail of draining!
You die...

#.#......>.)>..###....#####.....#
#...###########.#.#..............
##..#### ##.##.....#####.[..
#.....# #........# ##### #)##..#
####.....# #.##..# #.....#
#.##..#### ##....#
#..#.....##########..###
##.#...#......o@)....#
#.##....###########.# #.##.####
#.# #.##.# #.# #.##.# #.## #.##.#
#..# #.##.# ##.# #.##.# #.#
#.##.# #.#


You could see an orc warrior.

Vanquished Creatures
  Sigmund (D:3)
  A steam dragon (D:4)
  A sky beast (D:5)
  2 ogres (D:5)
  A hound (D:5)
  A gnoll shaman (D:4)
  3 iguanas (D:5)
  Natasha (thrice) (D:2)
  A hound skeleton (D:4)
  7 gnolls (D:5)
  4 adders
  A shadow imp (D:4)
  An ufetubus (D:5)
  A worm (D:2)
  2 dart slugs
  7 orcs
  8 ball pythons
  2 endoplasms
  2 giant cockroaches
  4 goblins
  5 hobgoblins
  9 jackals
  A quokka (D:1)
  8 bats
  3 frilled lizards (D:2)
  6 kobolds
  6 rats
91 creatures vanquished.

Notes
Turn   | Place    | Note
-------+----------+-------------------------------------------
     0 | D:1      | Froggeryz the Ghoul Monk began the quest for the Orb.
     0 | D:1      | Reached XP level 1. HP: 19/19 MP: 0/0
   488 | D:1      | Reached XP level 2. HP: 26/26 MP: 1/1
   825 | D:1      | Found a faded altar of an unknown god.
  1263 | D:2      | Reached skill level 1 in Armour
  1263 | D:2      | Reached skill level 4 in Unarmed Combat
  1263 | D:2      | Reached XP level 3. HP: 27/33 MP: 2/2
  1523 | D:2      | Noticed Natasha
  1529 | D:2      | Killed Natasha
  1530 | D:2      | Reached XP level 4. HP: 30/40 MP: 3/3
  1719 | D:2      | Noticed Natasha
  1726 | D:2      | Killed Natasha
  2278 | D:2      | Noticed Natasha
  2284 | D:2      | Killed Natasha
  2285 | D:2      | Reached XP level 5. HP: 40/46 MP: 4/4
  2310 | D:3      | Reached skill level 5 in Unarmed Combat
  2627 | D:3      | Noticed Sigmund
  2638 | D:3      | Killed Sigmund
  2639 | D:3      | Reached XP level 6. HP: 46/53 MP: 5/5
  3009 | D:4      | Reached skill level 6 in Unarmed Combat
  3283 | D:4      | Noticed a steam dragon
  3286 | D:5      | Entered Level 5 of the Dungeon
  3315 | D:5      | Reached skill level 5 in Fighting
  3315 | D:5      | Reached XP level 7. HP: 28/61 MP: 6/6
  3413 | D:5      | Identified a scroll of acquirement
  3413 | D:5      | Acquired a manual of Evocations
  3655 | D:4      | Killed a steam dragon
  3940 | D:5      | Reached skill level 7 in Unarmed Combat
  4871 | D:5      | Identified the +0 robe "Keahyu Cuif" {Dex+4 Stlth+}
  4927 | D:5      | Reached XP level 8. HP: 65/70 MP: 7/7
  5562 | D:4      | Slain by an orc warrior

Illustrated notes

Levels and vault maps discovered:
D:1:      dpeg_arrival_tiny_a, layout_loops_corners,
          dilly_ecumenical_altar_fadedgnrine, kennysheep_crisscross,
          minmay_misc_feat_plants, minmay_misc_feat_iff
D:2:      layout_basic, uniq_natasha
D:3:      layout_basic, uniq_sigmund
D:4:      layout_loops_ring, minmay_cut_off
D:5:      layout_layer_cave

Skill      XL: |  1  2  3  4  5  6  7  8 |
---------------+-------------------------+-----
Armour         | 1 2 3 4 |  4.0
Unarmed Combat | 4 5 6 7 |  7.9
Fighting       | 4 5 6 |  6.0
Dodging        | |  2.6
Stealth        | |  2.1

Action                   |  1- 3 |  4- 6 |  7- 9 || total
-------------------------+-------+-------+-------++-------
Melee: Unarmed           |    75 |   103 |   127 ||   305
       Punch             |     2 |     1 |     2 ||     5
Throw: Dart              |       |     3 |     3 ||     6
  Use: Potion            |       |     1 |     1 ||     2
       Scroll            |       |       |     4 ||     4
 Stab: Sleeping          |     4 |     2 |       ||     6
Armor: Robe              |    22 |       |       ||    22
       Ring mail         |       |    20 |     4 ||    24
       Steam dragon scal |       |       |    31 ||    31
Dodge: Dodged            |    69 |    56 |    70 ||   195
